 Seeded DCSS version 0.29.1-13-g9f3cf754e1 (webtiles) character file.

Game seed: 16245865983455551772 (custom seed)

4 OTABOTABOTAB the Caller (level 1, 11/11 HPs)
             Began as an Octopode Summoner on Jan 27, 2023.
             Quit the game on level 1 of the Dungeon.
             The game lasted 00:01:10 (257 turns).

OTABOTABOTAB the Caller (Octopode Summoner)          Turns: 257, Time: 00:01:10

Health: 11/11      AC:  1    Str:  7    XL:     1   Next: 60%
Magic:  3/3        EV: 13    Int: 26    God:
Gold:   732        SH:  0    Dex: 12    Spells: 3/4 levels left

rFire   . . .      SeeInvis .   a - +0 sling
rCold   . . .      Faith    .   (no shield)
rNeg    + . .      Spirit   .   (helmet restricted)
rPois   .          Reflect  .   (no amulet)
rElec   .          Harm     .   I - +6 ring of intelligence
rCorr   +          Rampage  .   b - ring "Vusell" {rN+ rCorr Int+3}
Will    .....                   (no ring)
Stlth   +++.......              (no ring)
HPRegen 0.03/turn               (no ring)
MPRegen 0.08/turn               (no ring)
                                (no ring)
                                (no ring)

@: no status effects
A: almost no armour, amphibious, 8 rings, camouflage 1, gelatinous body 1,
(nimble swimmer 1), tentacles
a: no special abilities


You were on level 1 of the Dungeon.
You visited 1 branch of the dungeon, and saw 1 of its levels.

You collected 732 gold pieces.

Inventory:

Hand Weapons
 a - a +0 sling (weapon)
   (You found it on level 1 of the Dungeon)
Jewellery
 b - the ring "Vusell" (right tentacle) {rN+ rCorr Int+3}
   (You acquired it on level 1 of the Dungeon)

   [ring of positive energy]

   Int:       It affects your intelligence (+3).
   rN:        It protects you from negative energy.
   rCorr:     It protects you from acid and corrosion.
 I - a +6 ring of intelligence (left tentacle)
   (You acquired it on level 1 of the Dungeon)
Potions
 M - a potion of magic


   Skills:
 + Level 2.1 Dodging
 + Level 2.8 Stealth
 + Level 2.0 Spellcasting
 + Level 4.0 Summonings


You had 3 spell levels left.
You knew the following spells:

 Your Spells              Type           Power      Damage    Failure   Level
a - Summon Small Mammal   Summ           92%        N/A       1%          1

Your spell library contained the following spells:

 Spells                   Type           Power      Damage    Failure   Level
 Call Imp                 Summ           23%        N/A       3%          2
 Call Canine Familiar     Summ           23%        N/A       6%          3
 Summon Guardian Golem    Hex/Summ       13%        N/A       14%         3
 Summon Lightning Spire   Summ/Air       13%        N/A       41%         4


Dungeon Overview and Level Annotations

Branches:
Dungeon (1/15)

Altars:


Innate Abilities, Weirdness & Mutations

You cannot wear most types of armour.
You are amphibious.
You can wear up to eight rings at the same time.
Your skin changes colour to match your surroundings (Stealth+).
Your rubbery body absorbs attacks. (AC +1, EV +1)
((You are camouflaged when in or above water. (Stealth+)))
You have tentacles for arms and can constrict up to eight enemies at once.


Message History

Bad channel name for runrest: 'Jiyva says: Divide and consume' Welcome, OTABOTABOTAB the Octopode Summoner.
Game seed: 16245865983455551772 (custom seed)
Found a sling.
Found a staircase leading out of the dungeon.
a - a +0 sling
a - a +0 sling (weapon)
Found an escape hatch in the floor.
Found an escape hatch in the floor.
You see here a +0 dagger.
A goblin comes into view. It is wielding a +0 dagger.
A quokka comes into view.
You shoot a sling bullet. The sling bullet hits the goblin.
The goblin shouts!
You shoot a sling bullet. The sling bullet hits the goblin.
You shoot a sling bullet.
The sling bullet closely misses the goblin.
You now have 2/3 mp.
Your bat closely misses the goblin.
The goblin misses your bat.
You now have 1/3 mp.
Fire: a) +0 sling
Aim: a goblin, wielding a +0 dagger (heavily wounded, ally target, 43% to hit)
You shoot a sling bullet.
The sling bullet closely misses the goblin.
Your bat closely misses the goblin.
Your rat bites the goblin.
The goblin dies!
The quokka completely misses your bat.
Your bat barely misses the quokka.
Fire: a) +0 sling
Aim: a quokka (ally target, 38% to hit)
You shoot a sling bullet. The sling bullet hits the quokka.
Your bat closely misses the quokka.
Your rat misses the quokka. The quokka bites you.
You take 4 damage, and have 7/11 hp.
MASSIVE DAMAGE!!
Fire: a) +0 sling
Aim: a quokka (heavily wounded, ally target, 38% to hit)
You shoot a sling bullet. The sling bullet misses the quokka.
Your bat barely misses the quokka.
Your rat bites the quokka but does no damage.
The quokka bites you but does no damage.
Your rat misses the quokka.
Fire: a) +0 sling
Aim: a quokka (heavily wounded, ally target, 38% to hit)
You shoot a sling bullet.
The sling bullet barely misses the quokka.
Your bat misses the quokka.
The quokka bites you but does no damage.
Your rat bites the quokka.
The quokka bites you but does no damage.
Fire: a) +0 sling
Aim: a quokka (almost dead, ally target, 38% to hit)
You shoot a sling bullet.
The sling bullet closely misses the quokka.
Your bat hits the quokka but does no damage.
Your bat misses the quokka.
The quokka twitches its whiskers.
The quokka closely misses you.
Your rat barely misses the quokka.
The quokka bites you.
Your rat bites the quokka.
The quokka dies!
You take 2 damage, and have 5/11 hp.
Your bat disappears in a puff of smoke!
Your rat disappears in a puff of smoke!
An endoplasm comes into view.
Health restored: 11; MP restored: 3 Fire: a) +0 sling
Aim: an endoplasm (asleep, 98% to hit)
You shoot a sling bullet. The sling bullet hits the endoplasm.
The endoplasm quivers.
Fire: a) +0 sling
Aim: an endoplasm (heavily wounded, 83% to hit)
You shoot a sling bullet. The sling bullet hits the endoplasm.
You kill the endoplasm!
Fire: a) +0 sling Really target yourself?
Okay, then.
Unknown command.
b - 3 scrolls labelled WAC GOIFOFITOUPLEC This is a scroll of acquirement!
Something appears before you!
You now have 732 gold pieces.
Something appears before you!
I - a +6 ring of intelligence Something appears before you!
b - the ring "Vusell" {rN+ rCorr Int+3} No target in view!
You feel clever.
I - a +6 ring of intelligence (left tentacle)
You feel clever.
b - the ring "Vusell" (right tentacle) {rN+ rCorr Int+3} You aren't carrying any wearable armour.

# .# #.#
######..###
#.@........
.......#..#.....
#.##...#..# ...
#...###.## #
#... #..# ...#
#..# ##.## ....
#..#...#..#
....#
#.##...##.##
....#
#.....#..#.....#


There were no monsters in sight!

Vanquished Creatures
  An endoplasm (D:1)
1 creature vanquished.

Vanquished Creatures (collateral kills)
  A goblin (D:1)
  A quokka (D:1)
2 creatures vanquished.

Grand Total: 3 creatures vanquished

Notes
Turn   | Place    | Note
-------+----------+-------------------------------------------
     0 | D:1      | OTABOTABOTAB the Octopode Summoner began the quest for the
                  | Orb.
     0 | D:1      | Reached XP level 1. HP: 11/11 MP: 3/3
   249 | D:1      | Identified 3 scrolls of acquirement
   249 | D:1      | Acquired 732 gold pieces
   251 | D:1      | Acquired a +6 ring of intelligence
   253 | D:1      | Acquired the ring "Vusell" {rN+ rCorr Int+3}
   257 | D:1      | Quit the game

Illustrated notes

Levels and vault maps discovered:
D:1:      minmay_arrival_hallway, layout_loops_corners, basic_ecumenical_altar,
          minmay_unequal

Action                   || total
-------------------------++-------
 Fire: Sling             ||    10
 Cast: Summon Small Mamm ||     2
  Use: Scroll            ||     3
Armor: Skin              ||     3
Dodge: Dodged            ||     1

Table legend: (Time is in decaauts)
 A = Elapsed time spent in this place.
 B = Non-inter-level travel time spent in this place.
 C = Inter-level travel time spent in this place.
 D = Time resting spent in this place.
 E = Time spent auto-exploring this place.
 F = Levels seen in this place.
 G = Mean time per level.
                   A        B        C        D        E       F      G
               +--------+--------+--------+--------+--------+-----+--------+
         Total |    259 |    259 |      0 |      0 |    228 |   1 |  259.0 |
       Dungeon |    259 |    259 |      0 |      0 |    228 |   1 |  259.0 |
               +--------+--------+--------+--------+--------+-----+--------+

Top non-repeatable levels by time:
     D:1: 259 daAuts

Table legend:
 A = Kills in this place as a percentage of kills in entire the game.
 B = Kills by you in this place as a percentage of kills by you in the entire game.
 C = Kills by friends in this place as a percentage of kills by friends in the entire game.
 D = Other kills in this place as a percentage of other kills in the entire game.
 E = Experience gained in this place as a percentage of experience gained in the entire game.
 F = Experience gained in this place divided by the number of levels of this place that you have seen.
                   A       B       C       D       E      F
               +-------+-------+-------+-------+-------+----------------------
         Total | 100.0 | 100.0 | 100.0 |   N/A | 100.0 |   6.0
       Dungeon | 100.0 | 100.0 | 100.0 |   N/A | 100.0 |   6.0
               +-------+-------+-------+-------+-------+----------------------
